 Dungeon Crawl Stone Soup version 0.31-a0-675-g238779eb0a (webtiles) character file.

Game seed: 10571065925404651174

51 Bravepunisher the Ducker (level 3, -30/19 HPs)
             Began as a Spriggan Monk on Sept 5, 2023.
             Annihilated by an ogre
             ... wielding a +0 giant club
              (34 damage)
             ... on level 5 of the Dungeon.
             The game lasted 00:02:25 (644 turns).

Bravepunisher the Ducker (Spriggan Monk)             Turns: 644, Time: 00:02:26

Health: -30/19     AC:  3    Str: 11    XL:     3   Next: 58%
Magic:  4/4        EV: 21    Int: 11    God:
Gold:   32         SH:  0    Dex: 22    Spells: 2/2 levels left

rFire   . . .        n - +6 war axe "Bukoetod" {holy, Str+4 Dex+3 Stlth+}
rCold   . . .        d - orb {light}
rNeg    . . .        b - +0 robe
rPois   .            (helmet restricted)
rElec   .            l - +0 cloak
rCorr   .            (gloves unavailable)
SInv    +            (boots unavailable)
Will    .....        (no amulet)
Stlth   +            e - +4 ring of slaying
HPRegen 0.23/turn    (no ring)
MPRegen 0.09/turn

%: no passive effects
@: glowing, very quick
A: very small, no large weapons, unfitting armour, see invisible, speed 3
a: no special abilities


You were on level 5 of the Dungeon.
You visited 1 branch of the dungeon, and saw 5 of its levels.

You collected 32 gold pieces.

Inventory:

Hand Weapons
 a - a +1 short sword
 n - the +6 war axe "Bukoetod" (weapon) {holy, Str+4 Dex+3 Stlth+}
   (You found it on level 5 of the Dungeon)

   Str+4:     It affects your strength (+4).
   Dex+3:     It affects your dexterity (+3).
   Stlth+:    It makes you more stealthy.
Armour
 b - a +0 robe (worn)
 d - an orb of light (worn)
 l - a +0 cloak (worn)
Jewellery
 e - a +4 ring of slaying (left hand)
Wands
 m - a wand of mindburst (14)
Potions
 c - a potion of ambrosia
 f - 2 potions of heal wounds {unknown}
 g - a potion of curing {unknown}
 h - a potion of brilliance {unknown}
 k - a potion of cancellation {unknown}


   Skills:
 + Level 2.9 Fighting
 - Level 3.2 Short Blades
 * Level 5.5 Dodging


You had 2 spell levels left.
You didn't know any spells.
Your spell library was empty.

Dungeon Overview and Level Annotations

Branches:
Dungeon (5/15)
 Temple: D:4-7

Altars:
The Shining One


Innate Abilities, Weirdness & Mutations

You are very small and have problems with some larger weapons.
You are too small for most types of armour.
You have supernaturally acute eyesight. (SInv)
You cover ground extremely quickly. (Speed+++)


Message History

Your attacks no longer feel as feeble.
A gnoll comes into view. It is wielding a +0 flail.
Found a jewelled brass wand.
The gnoll shouts!
The orc closely misses you.
You see here a wand of mindburst (14).
m - a wand of mindburst (14)
The gnoll bouda barks out a call to the hunt!
The gnoll picks up the pace!
The gnoll bouda gazes fiercely through you!
You feel your attacks grow feeble.
The gnoll bouda barks out a call to the hunt!
Found an iridescent war axe.
Your attacks no longer feel as feeble.
You see here the +6 war axe "Bukoetod" {holy, Str+4 Dex+3 Stlth+}.
n - the +6 war axe "Bukoetod" {holy, Str+4 Dex+3 Stlth+} An ogre comes into view.
It is wielding a +0 giant club.
The ogre shouts!
You feel stronger.
You feel agile.
The +6 war axe "Bukoetod" {holy, Str+4 Dex+3 Stlth+} softly glows with a divine radiance!
n - the +6 war axe "Bukoetod" (weapon)
{holy, Str+4 Dex+3 Stlth+}
As you read the scroll labelled ALOSOT QIFA, it dissolves into smoke.
It was a scroll of fog.
As you read the scroll labelled JUONIAMUTT, it crumbles to dust.
It is a scroll of enchant weapon.
Your +0 short sword glows red for a moment.
The ogre completely misses you.
You slash the ogre!
The ogre is heavily wounded.
The ogre barely misses you.
You slash the ogre!
The ogre is almost dead.
The ogre hits you with a +0 giant club!
Ouch! That really hurt!
* * * LOW HITPOINT WARNING * * *
You hit the ogre.
The ogre is almost dead.
The ogre hits you with a +0 giant club!!
Ouch! That really hurt!
You die...

##################
....o............#
################.#
#.# #§# #§# ## #§#
#.# #§# #.# #@# .#
#O# # #§# # #O# ##
#.# .## #.# #.#
###### ##...##


You could see an ogre.

Vanquished Creatures
  An iguana (D:5)
  An adder (D:3)
  An ufetubus (D:4)
  2 endoplasms
  A goblin (D:4)
  A hobgoblin (D:4)
  3 ball pythons
  2 bats
  3 frilled lizards
  A kobold (D:3)
16 creatures vanquished.

Notes
Turn   | Place    | Note
-------+----------+-------------------------------------------
     0 | D:1      | Bravepunisher the Spriggan Monk began the quest for the
                  | Orb.
     0 | D:1      | Reached XP level 1. HP: 11/11 MP: 2/2
   294 | D:3      | Reached XP level 2. HP: 10/16 MP: 3/3
   408 | D:5      | Entered Level 5 of the Dungeon
   412 | D:5      | Noticed a lemure
   426 | D:4      | Reached skill level 5 in Dodging
   500 | D:4      | Noticed an ogre
   501 | D:4      | Noticed a scorpion
   520 | D:5      | Reached XP level 3. HP: 12/19 MP: 4/4
   547 | D:5      | Found a glowing golden altar of the Shining One.
   630 | D:5      | Identified the +6 war axe "Bukoetod" {holy, Str+4 Dex+3
                  | Stlth+}
   636 | D:5      | Noticed an ogre
   644 | D:5      | Annihilated by an ogre

Illustrated notes

Levels and vault maps discovered:
D:1:      dpeg_arrival_round_a, layout_basic
D:2:      layout_basic
D:3:      layout_basic, vehumet_altar_wand_db, uniq_natasha
D:4:      layout_basic
D:5:      layout_loops_ring, lemuel_round_altar, lemuel_round_altar, uniq_pikel,
          uniq_ijyb

Skill      XL: |  1  2 |
---------------+-------+-----
Dodging        | 5 |  5.5
Fighting       | |  2.9
Short Blades   | |  3.2

Action                     || total
---------------------------++-------
  Melee: Short sword       ||    40
         War axe           ||     3
    Use: Scroll            ||     2
 Armour: Robe              ||    14
  Dodge: Dodged            ||    32

Table legend: (Time is in decaauts)
 A = Elapsed time spent in this place.
 B = Non-inter-level travel time spent in this place.
 C = Inter-level travel time spent in this place.
 D = Time resting spent in this place.
 E = Time spent auto-exploring this place.
 F = Levels seen in this place.
 G = Mean time per level.
                   A        B        C        D        E       F      G
               +--------+--------+--------+--------+--------+-----+--------+
         Total |    438 |    426 |     12 |      0 |    243 |   5 |   87.6 |
       Dungeon |    438 |    426 |     12 |      0 |    243 |   5 |   87.6 |
               +--------+--------+--------+--------+--------+-----+--------+

Top non-repeatable levels by time:
     D:1: 171 daAuts
     D:4: 111 daAuts
     D:5: 100 daAuts
     D:3: 51 daAuts
     D:2: 3 daAuts
